 Dungeon Crawl Stone Soup version 0.18.1-48-g4cf74bf (webtiles) character file.

34 juanjsm the Insei (level 3, 0/23 HPs)
             Began as an Octopode Transmuter on June 25, 2016.
             Slain by juanjsm's ghost (2 damage)
             ... on level 3 of the Dungeon.
             The game lasted 00:05:03 (640 turns).

juanjsm the Insei (Octopode Transmuter)              Turns: 640, Time: 00:05:04

Health: 0/23       AC:  1    Str:  9    XL:     3   Next: 31%
Magic:  6/6        EV: 12    Int: 16    God:
Gold:   44         SH:  0    Dex: 12    Spells: 2 memorised, 2 levels left

rFire  . . .     SeeInvis .       - Unarmed
rCold  . . .     Gourm    .     (no shield)
rNeg   . . .     Faith    .     (helmet restricted)
rPois  .         Spirit   .     (no amulet)
rElec  .         Dismiss  .     (no ring)
rCorr  .         Reflect  .     (no ring)
SustAt .         Harm     .     (no ring)
MR     .....                    (no ring)
Stlth  ++........               (no ring)
                                (no ring)
                                (no ring)
                                (no ring)

@: not resistant to hostile enchantments, unstealthy
A: almost no armour, amphibious, 8 rings, constrict 8, camouflage 1, gelatinous
body 1
a: no special abilities


You were on level 3 of the Dungeon.
You were not hungry.

You visited 1 branch of the dungeon, and saw 3 of its levels.

You collected 44 gold pieces.

Inventory:

Hand Weapons
 h - a +0 dagger of speed
Missiles
 a - 12 arrows
Scrolls
 e - a scroll of random uselessness {unknown}
 f - 2 scrolls of recharging {unknown}
 i - a scroll of remove curse {unknown}
 j - a scroll of identify {unknown}
 k - a scroll of fear {unknown}
Potions
 d - a potion of brilliance {unknown}
 l - a potion of cancellation {unknown}
Books
 b - a book of Changes

   Spells                             Type                      Level
   a - Beastly Appendage              Transmutation                1
   b - Sticks to Snakes               Transmutation                2
   c - Spider Form                    Transmutation/Poison         3
   d - Ice Form                       Ice/Transmutation            4
   e - Blade Hands                    Transmutation                5
Comestibles
 c - 2 bread rations


   Skills:
 - Level 1.2 Fighting
 - Level 2.2 Dodging
 - Level 0.4 Stealth
 - Level 3.3 Unarmed Combat
 - Level 2.3 Spellcasting
 * Level 2.5 Transmutations


You had 2 spell levels left.
You knew the following spells:

 Your Spells              Type           Power        Failure   Level  Hunger
a - Beastly Appendage     Trmt           ##....       10%         1    #......
b - Spider Form           Trmt/Pois      #.........   38%         3    ###....


Dungeon Overview and Level Annotations

Branches:
Dungeon (3/15)

Altars:

Annotations:
D:3 juanjsm's ghost, amateur OpTm


Innate Abilities, Weirdness & Mutations

You cannot wear most types of armour.
You are amphibious.
You can wear up to eight rings at the same time.
You can use your tentacles to constrict eight enemies at once.
Your skin changes colour to match your surroundings (Stealth).
Your rubbery body absorbs attacks (AC +1).


Message History

Your squeeze misses the hobgoblin.
The hobgoblin is moderately wounded.
The hobgoblin hits you with a club.
You tentacle-slap the hobgoblin.
You kill the hobgoblin!
You see here a club.
Your magical contamination has completely faded away.
All of the chunks of flesh in your inventory have rotted away.
Your tentacle spike disappears.
There is a stone staircase leading down here.
You climb downwards. 2 goblins, an orc and a player ghost come into view.
The orc shouts!
The goblin shouts!
Juanjsm's ghost turns its malevolent gaze towards you.
The goblin shouts!
Juanjsm's ghost hits you.
The goblin wields a hunting sling.
The goblin shoots a sling bullet.
The sling bullet hits you!
* * * LOW HITPOINT WARNING * * *
Juanjsm's ghost hits you.
You die...

.# .# .#
####.## #.....
#..g.#
#.#.W..#.##
#....@...g#
###..........
.............
...o...........
..$............
...............
....#..........
######.........


You could see juanjsm's ghost, an orc and 2 goblins.

Vanquished Creatures
  An ooze (D:1)
  A worm (D:2)
  3 bats
  A giant cockroach (D:2)
  5 hobgoblins
  2 jackals (D:1)
  3 kobolds (D:1)
  2 giant newts (D:1)
  3 goblins (D:1)
  A rat (D:1)
22 creatures vanquished.

Notes
Turn   | Place    | Note
--------------------------------------------------------------
     0 | D:1      | juanjsm the Octopode Transmuter began the quest for the Orb.
     0 | D:1      | Reached XP level 1. HP: 13/13 MP: 3/3
   123 | D:1      | Reached XP level 2. HP: 12/18 MP: 3/5
   392 | D:1      | Reached XP level 3. HP: 8/23 MP: 4/6
   407 | D:1      | Learned a level 3 spell: Spider Form
   640 | D:3      | Noticed juanjsm's ghost (amateur OpTm)
   640 | D:3      | Slain by juanjsm's ghost

Action                   || total
-------------------------++-------
Melee: Unarmed           ||    52
       Constrict         ||    13
       Kick              ||    13
       Tentacles         ||     8
       Punch             ||     2
 Cast: Beastly Appendage ||    13
       Spider Form       ||     1
 Stab: Sleeping          ||     7
Armor: Skin              ||    10
Dodge: Dodged            ||    33
